Map: Troizinia LE

Players

dawciobiel

  • Race: Zerg Zerg
  • Spawn Location: 5:00

NoRushNoFun

  • Race: Terran Terran
  • League: Diamond
  • Spawn Location: 3:00

nOnapa

  • Race: Terran Terran
  • Spawn Location: 5:00

Bordiur

  • Race: Zerg Zerg
  • League: Platinum
  • Spawn Location: 6:00

ZloDey

  • Race: Terran Terran
  • Spawn Location: 11:00

scaRFace

  • Race: Zerg Zerg
  • Spawn Location: 9:00

LtPrime

  • Race: Protoss Protoss
  • Spawn Location: 12:00

MooEsqoo

  • Race: Protoss Protoss
  • Spawn Location: 11:00

VOD

Have the link to the VOD?

Description

Time

  • Played on: Nov. 19, 2019, 3:03 p.m.
  • Length: 7:05
Show
View Real Time Build Order
Export as new Build Order

dawciobiel Zerg 

Build Orders: 1 Base Baneling Bust, Pool First 

Get SALT Encoding   

  12  0:03  Drone  
  13  0:17  Drone  
  13  0:19  Overlord  
  14  0:30  Extractor  
  14  0:31  Drone  
  14  0:32  Extractor, Drone  
  16  0:39  Drone  
  17  0:47  Spawning Pool  
  16  0:50  Extractor  
  16  0:52  Extractor  
  16  0:55  Drone  
  15  1:09  Drone  
  15  1:11  Drone  
  17  1:24  Overlord  
  17  1:35  Zergling x2  
  18  1:43  Zergling x2  
  18  1:45  Metabolic Boost  
  19  1:57  Zergling x2  
  19  1:58  Baneling Nest  
  19  1:59  Queen  
  21  2:05  Zergling x2  
  22  2:15  Zergling x2  
  23  2:25  Zergling x2  
  24  2:42  Zergling x2  
  25  3:01  Zergling x4  
  27  3:14  Zergling x2  
  25  3:26  Zergling x2  
  23  3:32  Zergling x2  
  23  3:41  Zergling x2  
  24  3:48  Baneling  
  24  3:49  Baneling x3  
  24  3:52  Zergling x2  
  25  4:02  Zergling x2  
  26  4:03  Hatchery  
  25  4:12  Zergling x2  
  25  4:13  Zergling x4  
  22  4:38  Drone  
  22  4:39  Drone x4  
  27  4:54  Drone  
  28  5:15  Zergling x12  
  34  5:21  Baneling  
  34  5:22  Baneling x9  
  34  5:25  Queen  
  36  5:30  Lair  
  31  5:54  Zergling x10  
  31  5:55  Overlord x3  
  36  6:13  Overlord  
  36  6:15  Zergling x6  
  38  6:28  Zergling x2  
  38  6:29  Zergling x6  
  42  6:37  Baneling x8  
  42  6:39  Baneling  
  41  6:40  Baneling  
  41  6:41  Baneling  
  41  6:48  Zergling x4  
Show
View Real Time Build Order
Export as new Build Order

NoRushNoFun Terran 

Build Orders:  

Get SALT Encoding   

  12  0:00  SCV  
  13  0:12  SCV  
  14  0:21  Supply Depot  
  14  0:25  SCV  
  15  0:43  SCV  
  15  0:47  Barracks  
  16  0:58  Barracks  
  16  1:11  Barracks  
  16  1:23  Supply Depot  
  16  1:34  Orbital Command  
  16  1:35  Marine  
  17  1:45  Marine  
  18  1:52  Marine  
  19  1:58  Marine  
  20  2:03  Marine  
  21  2:10  Marine  
  21  2:11  Supply Depot  
  22  2:16  Marine  
  22  2:21  Marine  
  24  2:28  Marine  
  25  2:34  Marine  
  26  2:39  Marine  
  27  2:46  Marine  
  28  2:51  Marine  
  29  2:58  Marine  
  27  3:07  Marine  
  27  3:12  Command Center  
  28  3:19  Marine  
  24  3:23  SCV  
  24  3:25  Refinery  
  21  3:27  Refinery  
  19  3:35  SCV  
  19  3:38  Marine x2  
  19  3:39  Marine  
  22  3:47  SCV  
  23  3:56  Marine x2  
  23  3:59  SCV  
  26  4:04  Marine  
  27  4:12  SCV  
  27  4:13  Factory  
  28  4:23  Marine  
  28  4:24  SCV  
  30  4:28  Marine x2  
  32  4:36  SCV  
  33  4:47  Marine  
  33  4:48  SCV  
  33  4:54  Orbital Command  
  33  5:00  SCV  
  34  5:09  Starport  
  34  5:12  SCV  
  35  5:17  Command Center  
  35  5:21  SCV  
  36  5:24  SCV  
  37  5:33  SCV  
  38  5:39  SCV  
  38  5:45  SCV  
  38  5:48  Refinery  
  39  5:51  Refinery, SCV  
  39  5:52  Fusion Core  
  40  5:57  SCV, Starport Tech Lab  
  40  5:59  Starport  
  40  6:03  SCV  
  42  6:09  SCV  
  40  6:15  SCV  
  40  6:21  SCV  
  41  6:28  SCV  
  42  6:33  SCV  
  42  6:36  Starport Tech Lab  
  43  6:40  SCV  
  43  6:41  Command Center  
  43  6:45  SCV  
  51  6:52  SCV  
Show
View Real Time Build Order
Export as new Build Order

nOnapa Terran 

Build Orders:  

Get SALT Encoding   

  12  0:01  SCV  
  13  0:13  SCV  
  14  0:24  Supply Depot  
  14  0:31  SCV  
  15  0:46  SCV  
  15  0:48  Barracks  
  16  0:59  SCV  
  17  1:04  Barracks  
  17  1:11  Barracks  
  17  1:15  SCV  
  18  1:27  SCV  
  19  1:35  Marine  
  19  1:36  Supply Depot  
  20  1:41  Orbital Command  
  20  1:48  Supply Depot  
  20  1:53  Marine  
  21  2:05  Marine x2  
  23  2:10  Barracks  
  23  2:13  Marine  
  24  2:23  Marine  
  24  2:28  Marine  
  26  2:31  Marine  
  26  2:32  Supply Depot  
  27  2:41  Marine  
  28  2:46  Marine  
  28  2:49  Marine  
  30  2:59  Marine x2  
  30  3:04  Marine  
  33  3:07  Marine  
  34  3:16  Marine  
  34  3:17  Marine  
  36  3:21  Marine  
  36  3:25  Marine  
  30  3:34  Marine  
  30  3:35  Marine  
  30  3:39  Marine  
  29  3:42  Marine  
  30  3:52  Marine  
  30  3:53  Marine  
  31  3:56  SCV  
  31  3:57  Marine  
  31  3:58  Refinery  
  31  3:59  Refinery  
  31  4:00  Marine  
  34  4:07  Supply Depot  
  34  4:08  SCV  
  35  4:10  Marine  
  35  4:11  Barracks, Marine  
  35  4:15  Marine  
  37  4:18  Marine  
  36  4:28  Marine  
  36  4:29  Marine  
  37  4:33  Marine  
  37  4:36  Marine  
  39  4:45  Marine  
  39  4:46  Marine  
  39  4:50  Marine  
  42  4:54  Marine  
  43  5:00  Marine  
  43  5:03  Marine  
  43  5:04  Marine  
  46  5:08  Marine  
  46  5:12  Marine  
  48  5:18  Marine  
  47  5:21  Marine  
  47  5:22  Marine  
  47  5:26  Marine  
  40  5:29  Marine  
  36  5:36  Marine  
  36  5:39  Marine  
  36  5:40  Marine  
  39  5:44  Marine  
  39  5:47  Marine  
  41  5:53  SCV  
  41  5:54  Marine  
  43  5:57  Marine, Factory  
  43  5:58  Marine, Factory  
  43  6:02  Marine  
  46  6:05  Marine  
  47  6:11  Marine  
  47  6:14  Marine  
  47  6:15  Marine  
  50  6:20  Marine  
  50  6:23  Marine  
  52  6:29  Marine  
  52  6:32  Marine  
  54  6:44  Marine  
  55  6:51  Factory Tech Lab x2  
  59  6:58  Starport  
  59  7:05  Barracks Tech Lab  
Show
View Real Time Build Order
Export as new Build Order

Bordiur Zerg 

Build Orders: Pool First, Zergling Baneling 

Get SALT Encoding   

  12  0:03  Drone  
  13  0:12  Drone  
  14  0:29  Overlord  
  14  0:34  Spawning Pool  
  13  0:38  Drone  
  14  0:47  Drone  
  14  0:48  Drone  
  16  1:00  Drone  
  17  1:05  Extractor  
  17  1:09  Drone  
  17  1:12  Drone  
  18  1:23  Queen, Drone  
  21  1:35  Overlord  
  21  1:46  Hatchery  
  21  1:47  Drone  
  21  1:57  Zergling x2  
  23  2:08  Zergling x2  
  23  2:20  Overlord  
  23  2:23  Metabolic Boost  
  23  2:28  Zergling x2  
  24  2:35  Drone  
  24  2:36  Baneling Nest, Drone x2  
  26  2:45  Overlord  
  26  3:00  Zergling x4  
  26  3:05  Queen  
  30  3:10  Zergling x8  
  34  3:23  Zergling x6  
  37  3:43  Zergling x14  
  41  3:57  Baneling x4  
  41  3:58  Baneling  
  38  4:18  Hatchery  
  32  4:29  Zergling x12  
  38  4:42  Zergling x2  
  38  4:43  Zergling x8  
  38  4:45  Overlord  
  43  4:55  Baneling x2  
  43  4:56  Baneling x4  
  40  5:15  Zergling x8  
  40  5:16  Zergling x6  
  36  5:36  Zergling x12  
  42  5:45  Queen  
  42  5:46  Drone  
  42  5:47  Drone x5  
  50  5:53  Baneling x5  
  45  6:22  Zergling x4  
  45  6:23  Zergling x22  
  53  6:28  Baneling  
  53  6:29  Baneling  
  53  6:30  Baneling  
  53  6:33  Drone x3  
  56  6:42  Baneling  
Show
View Real Time Build Order
Export as new Build Order

ZloDey Terran 

Build Orders:  

Get SALT Encoding   

  12  0:01  SCV  
  13  0:14  SCV  
  14  0:22  Supply Depot  
  14  0:26  SCV  
  15  0:36  Refinery  
  15  0:46  SCV  
  15  0:47  Barracks  
  16  0:54  Refinery  
  16  0:58  SCV  
  17  1:10  SCV  
  18  1:22  SCV  
  19  1:34  SCV  
  19  1:36  Factory  
  19  1:38  Barracks Reactor  
  20  1:47  SCV  
  21  1:49  Supply Depot  
  21  2:00  Orbital Command  
  21  2:16  Marine x2  
  21  2:21  Factory Tech Lab  
  23  2:27  SCV  
  24  2:35  Marine x2  
  26  2:40  Siege Tank  
  26  2:42  SCV  
  30  2:47  Supply Depot  
  17  3:22  Siege Tank  
  16  3:29  Marine x2  
  18  4:06  Marine x2  
  20  4:23  Siege Tank  
  15  4:29  SCV  
  14  4:41  Marine, SCV  
  16  4:53  SCV  
  16  4:56  Factory Tech Lab  
  17  5:05  Factory Tech Lab  
  16  5:34  SCV  
  14  5:36  Barracks Reactor  
Show
View Real Time Build Order
Export as new Build Order

scaRFace Zerg 

Build Orders: Pool First 

Get SALT Encoding   

  12  0:01  Drone  
  13  0:12  Overlord  
  13  0:17  Drone  
  14  0:31  Drone x2  
  14  0:35  Drone  
  17  0:44  Spawning Pool  
  17  0:49  Extractor  
  15  0:50  Drone  
  16  0:58  Drone  
  17  1:14  Drone  
  18  1:23  Hatchery  
  17  1:27  Drone  
  18  1:35  Queen  
  20  1:40  Drone  
  21  1:50  Metabolic Boost  
  21  1:55  Overlord  
  21  2:09  Zergling x2  
  22  2:24  Spine Crawler, Drone  
  22  2:25  Zergling x2  
  22  2:26  Zergling x2  
  24  2:41  Queen  
  26  2:47  Zergling x2  
  26  2:48  Zergling x8  
  31  2:53  Zergling x2  
  31  2:54  Zergling x2  
  31  3:08  Zergling x2  
  31  3:09  Zergling x4  
  33  3:20  Zergling x2  
  33  3:21  Zergling x2  
  33  3:30  Zergling x4  
  30  3:52  Spine Crawler  
  29  3:56  Zergling x2  
  29  3:57  Zergling x10  
  27  4:36  Zergling x2  
  27  4:37  Zergling x20  
  34  5:05  Zergling x2  
  34  5:06  Zergling x2  
  33  5:35  Zergling x22  
Show
View Real Time Build Order
Export as new Build Order

LtPrime Protoss 

Build Orders:  

Get SALT Encoding   

  12  0:02  Probe (Chrono Boost)  
  13  0:18  Pylon  
  13  0:30  Assimilator  
  13  0:34  Assimilator  
  13  0:42  Gateway  
  13  1:10  Gateway  
  13  1:11  Pylon  
  13  1:19  Pylon  
  13  1:20  Probe (Chrono Boost)  
  14  1:39  Cybernetics Core  
  14  1:46  Probe  
  15  2:06  Probe (Chrono Boost)  
  16  2:18  Probe (Chrono Boost)  
  19  2:23  Probe (Chrono Boost)  
  19  2:27  Pylon  
  20  2:32  Probe  
  18  4:12  Pylon  
  18  4:16  Pylon  
  18  4:20  Pylon  
  18  4:44  Pylon  
  18  4:48  Nexus  
  17  5:41  Pylon  
  17  6:09  Gateway  
  17  6:11  Gateway  
  17  6:25  Assimilator  
Show
View Real Time Build Order
Export as new Build Order

MooEsqoo Protoss 

Build Orders: 1 Gate Expand, Oracle Opening 

Get SALT Encoding   

  12  0:08  Probe  
  13  0:21  Probe  
  14  0:25  Pylon  
  14  0:34  Probe  
  15  0:46  Gateway  
  15  0:49  Assimilator  
  15  0:50  Probe (Chrono Boost)  
  16  1:00  Probe (Chrono Boost)  
  17  1:05  Probe (Chrono Boost)  
  18  1:16  Probe  
  19  1:28  Probe  
  20  1:36  Nexus  
  20  1:41  Probe  
  21  1:50  Cybernetics Core  
  21  2:02  Pylon  
  21  2:04  Assimilator  
  21  2:07  Probe  
  22  2:18  Zealot (Chrono Boost)  
  24  2:27  Probe  
  24  2:28  Warp Gate  
  25  2:38  Stalker  
  25  2:40  Stargate  
  27  2:49  Probe  
  28  2:51  Probe  
  29  3:03  Probe  
  30  3:11  Stalker (Chrono Boost)  
  32  3:40  Stalker (Chrono Boost)  
  32  3:45  Oracle  
  37  3:50  Gateway  
  37  3:54  Forge  
  37  3:59  Twilight Council  
  37  4:11  Probe x2  
  37  4:16  Pylon  
  39  4:18  Pylon  
  39  4:21  Pylon  
  39  4:34  Oracle (Chrono Boost)  
  42  4:40  Stalker  
  44  4:46  Gateway  
  44  4:49  Gateway  
  44  5:08  Stalker  
  44  5:09  Stalker  
  48  5:33  Stalker  
  48  5:34  Stalker  
  49  5:53  Stalker  
  49  5:54  Stalker  
  53  5:59  Assimilator, Probe x2  
  53  6:03  Assimilator  
  51  6:12  Probe x2  
  43  6:24  Probe  
Tags
 
Add a new tag
Caveats
  • Supply blocks, unpowered buildings, or Contaminate may cause inaccurate times.
  • Supply counts are checked every 10 seconds.